 Dungeon Crawl Stone Soup version 0.29.1-12-g30fa7ad0bf (webtiles) character file.

Game seed: 5694948909285673987

116874 sanboga the Executioner (level 16, -1/235 HPs)
             Began as a Minotaur Berserker on Dec 26, 2022.
             Was the Champion of Trog.
             Slain by a goliath frog (2 damage)
             ... on level 1 of the Swamp on Dec 29, 2022.
             The game lasted 00:36:39 (29709 turns).

sanboga the Executioner (Minotaur Berserker)       Turns: 29709, Time: 00:36:40

Health: -1/235     AC: 26    Str: 30    XL:     16   Next: 21%
Magic:  0/15       EV: 13    Int: 15    God:    Trog [******]
Gold:   1718       SH:  0    Dex: 11    Spells: 15/15 levels left

rFire   + . .      SeeInvis .   z - +2 executioner's axe (vorpal)
rCold   + + .      Faith    .   (shield currently unavailable)
rNeg    . . .      Spirit   +   y - +2 plate armour {rF+}
rPois   .          Reflect  .   q - +2 hat of Rekegoin {rC++ Int+2 Dex-5}
rElec   .          Harm     .   c - +2 cloak
rCorr   .          Rampage  .   C - +5 pair of gloves of Morality {*Corrode Int+9 Dex+6}
Will    +....                   l - +0 pair of boots
Stlth   ..........              e - amulet of guardian spirit
HPRegen 0.49/turn               Q - +4 ring of evasion
MPRegen 0.14/turn               w - +4 ring of slaying

@: berserking (expiring), corroded, studying Unarmed Combat, very quick
A: horns 2, retaliatory headbutt
a: Renounce Religion, Berserk, Trog's Hand, Brothers in Arms


You were on level 1 of the Swamp.
You worshipped Trog.
Trog was exalted by your worship.
You visited 4 branches of the dungeon, and saw 23 of its levels.
You visited the Abyss 1 time.
You also visited: Gauntlet and Ice Cave.

You collected 3085 gold pieces.
You spent 1367 gold pieces at shops.

Inventory:

Hand Weapons
 p - the +6 battleaxe of Jeem {freeze, Dex+2}
   (You found it in a Gauntlet)

   It freezes those it strikes, dealing additional cold damage.
   It can also slow down cold-blooded creatures.
   Dex:       It affects your dexterity (+2).
 z - a +2 vorpal executioner's axe (weapon)
Armour
 c - a +2 cloak (worn)
 l - a +0 pair of boots (worn)
 q - the +2 hat of Rekegoin (worn) {rC++ Int+2 Dex-5}
   (You acquired it on level 3 of the Lair of Beasts)

   Int:       It affects your intelligence (+2).
   Dex:       It affects your dexterity (-5).
   rC:        It greatly protects you from cold.
 y - a +2 plate armour of fire resistance (worn)
 A - a +2 pair of gloves
 C - the +5 pair of gloves of Morality (worn) {*Corrode Int+9 Dex+6}
   (You found it in an ice cave)

   Int:       It affects your intelligence (+9).
   Dex:       It affects your dexterity (+6).
   *Corrode:  It may corrode you when you take damage.
Jewellery
 e - an amulet of guardian spirit (around neck)
 i - a ring of flight
 w - a +4 ring of slaying (right hand)
 Q - a +4 ring of evasion (left hand)
Wands
 a - a wand of flame (21)
 o - a wand of light (17)
 u - a wand of polymorph (14)
 I - a wand of mindburst (32)
 J - a wand of paralysis (20)
 O - a wand of roots (20)
Scrolls
 d - 7 scrolls of teleportation
 g - 3 scrolls of fear
 h - 2 scrolls of magic mapping
 j - 3 scrolls of blinking
 m - a scroll of silence
 r - a scroll of summoning
 s - a scroll of identify
 x - 5 scrolls of enchant armour
 M - 2 scrolls of enchant weapon
Potions
 b - 4 potions of heal wounds
 f - 6 potions of mutation
 k - 8 potions of curing
 n - 3 potions of cancellation
 t - a potion of ambrosia
 v - a potion of magic
 B - a potion of resistance
 D - 6 potions of haste
 G - 4 potions of might


   Skills:
 + Level 17.9 Fighting
 * Level 26.3 Axes
 + Level 17.7 Armour
 - Level 2.1 Dodging


You had 15 spell levels left.
You didn't know any spells.
Your spell library was empty.

Dungeon Overview and Level Annotations

Branches:
Dungeon (15/15)            Temple (0/1) D:5            Lair (5/5) D:10
  Swamp (1/4) Lair:3       Spider (0/4) Lair:2        Slime (0/5) Lair:5
    Orc (2/2) D:10            Elf (0/3) Orc:2        Vaults (0/5) D:14
 Depths (0/4) D:15          IceCv (visited)         Gauntlet (visited)

Altars:
Ashenzari
Cheibriados
Elyvilon
Kikubaaqudgha
Makhleb
Qazlal
Trog
Uskayaw
Vehumet
Wu Jian
Xom
Yredelemnul
The Shining One
Jiyva

Shops:
D:1 :   D:6 [   D:9 *   D:11 [   D:12 (   Orc:1 :=:=(   Orc:2 !*!(

Annotations:
D:15 2 runed translucent doors
Lair:5 1 runed translucent door
Swamp:1 1 transporter, croobank's ghost, adept DsCj


Innate Abilities, Weirdness & Mutations

You have a pair of horns on your head.
You reflexively headbutt those who attack you in melee.


Message History

The tyrant leech bites you but does no damage.
You are too injured to fight recklessly!
You are too injured to fight recklessly!
You hack one of the ten-headed hydra's heads off!
The nine-headed hydra grows two more!
You open the 11-headed hydra like a pillowcase!!!
You kill the 11-headed hydra!
Trog accepts your kill.
You closely miss croobank's ghost. You closely miss the bunyip.
You hit the tyrant leech. You slash the swamp dragon!
You kill the swamp dragon!
Trog accepts your kill. The goliath frog closely misses you.
The bunyip claws you. The bunyip claws you! The bunyip misses you.
The goliath frog misses you.
You are too injured to fight recklessly!
You are too injured to fight recklessly!
You slice the tyrant leech!!
The tyrant leech is heavily wounded.
You slice the bunyip!!
You kill the bunyip!
Trog accepts your kill.
You cut croobank's ghost into ribbons!!!
The goliath frog hits you from afar! The acid corrodes you!
You are splashed with acid!
* * * LOW HITPOINT WARNING * * *
The goliath frog completely misses you. The tyrant leech bites you!!
* * * LOW HITPOINT WARNING * * *
The tyrant leech draws strength from your injuries!
You slice the tyrant leech!!
The tyrant leech is severely wounded.
You closely miss croobank's ghost. The goliath frog hits you from afar!!
* * * LOW HITPOINT WARNING * * *
You are splashed with acid!
* * * LOW HITPOINT WARNING * * *
Croobank's ghost points at you and mumbles some strange words.
The magic dart hits you.
* * * LOW HITPOINT WARNING * * *
The goliath frog closely misses you.
Found a robe.
The goliath frog hits you from afar.
You die...

~~. ~~~ .~. ... ##
# ##### .###.##
#©...#......# .~
... ##...#.F.#...
.. ♣...#....@.#..#
...♣♣
♣♣.~.#[.##†.©..# #
.#.(~
....#....W#wF...#.#
.....
...##.##Fy=###....
.... ♣..# .$[=?$.
..# ...##
♣.##..##### # # ..#
. ♣..####t©.####..
##.##..
♣.:t..t........♣
.......
♣.~♣~♣...~~♣♣♣♣♣


You could see an alligator (swift), a tyrant leech (berserk), a moth of wrath, 3
goliath frogs and croobank's ghost.

Vanquished Creatures
  A bone dragon (Abyss:3)
  The ghost of zeram the Executioner, a journeyman HOFi of Yredelemnul (Orc:2)
  A frost giant (IceCv)
  A cacodemon (Abyss:3)
  A stone giant (D:15)
  A bunyip (Swamp:1)
  An eleionoma (Swamp:1)
  2 dire elephants (Lair:5)
  A minotaur (Gauntlet)
  The ghost of wormed the Unseen, a journeyman SpHu of Okawaru (D:13)
  4 vault guards (D:14)
  A boulder beetle (D:12)
  12 hydras
  3 catoblepae
  A hell beast (Gauntlet)
  7 two-headed ogres
  5 centaur warriors
  8 death yaks
  2 tengu warriors (D:14)
  Urug (D:11)
  2 alligators (Swamp:1)
  9 orc high priests
  2 large abominations (Abyss:3)
  A fire crab (Gauntlet)
  A spatial maelstrom (Abyss:3)
  A wretched star (Abyss:3)
  Lodul (D:11)
  6 skeletal warriors (D:14)
  2 goliath frogs (Swamp:1)
  A spectral anaconda (Lair:5)
  A wizard (D:13)
  A swamp dragon (Swamp:1)
  4 orc knights
  An obsidian statue (Lair:5)
  An orange crystal statue (D:15)
  3 necromancers (Lair:5)
  2 deep elf pyromancers
  11 ugly things
  7 cyclopes
  2 manticores (D:11)
  A black mamba (shapeshifter) (D:13)
  A moth of wrath (Orc:2)
  5 black mambas
  2 dire elephant zombies (Lair:5)
  13 elephants
  Maurice (Orc:2)
  An ice statue (IceCv)
  A gargoyle (D:12)
  A torpor snail (Lair:3)
  A smoke demon (Abyss:3)
  An unseen horror (D:13)
  A cane toad (shapeshifter) (D:15)
  2 unseen horror zombies (D:9)
  6 cane toads
  9 rime drakes
  Maggie (D:9)
  7 komodo dragons
  A dire elephant skeleton (Lair:5)
  An efreet (D:15)
  A yaktaur (shapeshifter) (D:14)
  3 tyrant leeches (Swamp:1)
  A queen bee (D:13)
  10 trolls
  7 polar bears
  6 hornets
  Grinder (D:4)
  26 blink frogs
  A spectral elephant (Lair:5)
  A jumping spider (shapeshifter) (D:14)
  An air elemental (D:13)
  3 centaur simulacra
  6 starcursed masses (Abyss:3)
  A wraith (D:14)
  2 fire bats (Gauntlet)
  A wyvern (Lair:4)
  A ynoxinul (Abyss:3)
  55 yaks
  A fire elemental (D:13)
  Eustachio (D:4)
  3 basilisks
  A neqoxec (Abyss:3)
  A spatial vortex (Abyss:3)
  2 chaos spawn (Abyss:3)
  2 death yak simulacra (Lair:5)
  5 wargs
  2 vampire mosquitoes (D:12)
  Edmund (D:5)
  A swamp worm (Swamp:1)
  Duvessa (D:7)
  11 water moccasins
  2 spectral cane toads (Lair:5)
  3 acid dragons
  2 hell hounds (Gauntlet)
  24 orc warriors
  A black bear (D:6)
  A meliai simulacrum (D:12)
  3 small abominations (Abyss:3)
  15 ogres
  3 sky beasts (D:7)
  2 elephant zombies (Lair:5)
  3 boggarts (D:15)
  An elephant skeleton (Lair:5)
  7 centaurs
  21 wolves
  2 phantoms
  5 kobold brigands
  Blork the orc (D:5)
  4 scorpions
  A wyvern zombie (D:9)
  9 bullfrogs
  2 cane toad simulacra (Lair:5)
  4 necrophages
  An earth elemental (D:13)
  A gnoll sergeant (D:13)
  9 wights
  Dowan (D:7)
  An elephant simulacrum (Lair:5)
  7 killer bees (D:13)
  6 howler monkeys
  3 electric eels
  A vampire bat (Lair:4)
  A centaur zombie (D:9)
  3 jellies
  A human zombie (D:9)
  46 orc priests
  2 hounds
  2 gnoll boudas
  An iron imp (Abyss:3)
  3 iguanas
  4 hell rats (Lair:1)
  24 orc wizards
  Natasha (thrice) (D:2)
  A killer bee zombie (D:9)
  A mummy (D:9)
  A howler monkey zombie (D:9)
  10 gnolls
  8 adders
  4 shadow imps
  15 white imps
  2 ufetubi
  4 worms
  3 dart slugs
  95 orcs
  9 bats
  8 endoplasms
  7 giant cockroaches
  9 goblins
  5 hobgoblins
  9 jackals (D:4)
  9 quokkas
  8 ball pythons
  3 frilled lizards
  33 kobolds
  23 rats
  A plant (Orc:1)
  3 withered plants (Lair:5)
836 creatures vanquished.

Vanquished Creatures (others)
  A bloated husk (Swamp:1)
  A water elemental (D:13)
  25 fungi
  39 plants
  6 starspawn tentacles (Abyss:3)
  19 withered plants (Lair:5)
91 creatures vanquished.

Grand Total: 927 creatures vanquished

Notes
Turn   | Place    | Note
-------+----------+-------------------------------------------
     0 | D:1      | sanboga the Minotaur Berserker began the quest for the Orb.
     0 | D:1      | Reached XP level 1. HP: 19/19 MP: 0/0
    36 | D:1      | Reached skill level 4 in Axes
    36 | D:1      | Reached XP level 2. HP: 15/27 MP: 1/1
   446 | D:1      | Found Woweyd's Vocational Training.
   448 | D:1      | You fall into a shaft and drop 1 floor!
   711 | D:1      | Reached XP level 3. HP: 17/33 MP: 2/2
  1369 | D:1      | Reached ** piety under Trog
  1370 | D:1      | Found a faded altar of an unknown god.
  1558 | D:2      | Noticed Natasha
  1564 | D:2      | Killed Natasha
  1565 | D:2      | Reached skill level 5 in Axes
  1565 | D:2      | Reached XP level 4. HP: 38/41 MP: 3/3
  1605 | D:2      | Noticed Natasha
  1614 | D:2      | Killed Natasha
  1819 | D:2      | Noticed Natasha
  1827 | D:2      | Killed Natasha
  2339 | D:3      | Reached XP level 5. HP: 45/47 MP: 4/4
  2571 | D:3      | Noticed an ogre
  2579 | D:3      | Killed an ogre
  2580 | D:3      | Reached skill level 5 in Fighting
  2580 | D:3      | Reached skill level 6 in Axes
  2949 | D:3      | Identified the +8 dagger of Wounding {venom, Fragile rF+
                  | rN+ Int+8}
  3179 | D:4      | Reached XP level 6. HP: 56/56 MP: 5/5
  3211 | D:4      | Reached *** piety under Trog
  3277 | D:4      | Found a shimmering altar of Xom.
  3293 | D:4      | Reached skill level 7 in Axes
  3472 | D:4      | Noticed Eustachio
  3490 | D:4      | Killed Eustachio
  3491 | D:4      | Reached skill level 5 in Armour
  3491 | D:4      | Reached XP level 7. HP: 60/62 MP: 4/6
  3709 | D:4      | Noticed Grinder
  3709 | D:4      | Paralysed by Grinder for 5 turns
  3729 | D:4      | Killed Grinder
  3730 | D:4      | Reached skill level 8 in Axes
  4088 | D:5      | Entered Level 5 of the Dungeon
  4176 | D:5      | Noticed Edmund
  4187 | D:5      | Killed Edmund
  4188 | D:5      | Reached XP level 8. HP: 45/71 MP: 1/7
  4363 | D:5      | Noticed Blork the orc
  4364 | D:5      | Found a staircase to the Ecumenical Temple.
  4367 | D:5      | Killed Blork the orc
  4368 | D:5      | Reached skill level 9 in Axes
  4437 | D:5      | Reached **** piety under Trog
  4726 | D:5      | Found a white marble altar of Elyvilon.
  4908 | D:5      | Found a radiant altar of Vehumet.
  5062 | D:5      | Identified a scroll of acquirement
  5062 | D:5      | Acquired a manual of Axes
  5081 | D:6      | Reached skill level 10 in Axes
  5333 | D:6      | Reached skill level 11 in Axes
  5364 | D:6      | Reached XP level 9. HP: 19/81 MP: 2/8
  5758 | D:6      | Found Waxisach's Armour Shop.
  5764 | D:6      | Bought a +0 hat for 60 gold pieces
  5789 | D:6      | Reached skill level 12 in Axes
  5918 | D:6      | Found a burning altar of Makhleb.
  6453 | D:7      | Noticed Dowan
  6454 | D:7      | Noticed Duvessa
  6462 | D:7      | Killed Duvessa
  6467 | D:7      | Reached skill level 13 in Axes
  6468 | D:7      | Killed Dowan
  7158 | D:8      | Reached skill level 14 in Axes
  7597 | D:8      | Found an ornate altar of the Wu Jian Council.
  7634 | D:8      | Reached ***** piety under Trog
  7851 | D:8      | Reached skill level 15 in Axes
  7851 | D:8      | Reached XP level 10. HP: 91/91 MP: 9/9
  8042 | D:9      | Noticed a two-headed ogre
  8054 | D:9      | Killed a two-headed ogre
  8287 | D:9      | Found a stormy altar of Qazlal.
  8313 | D:9      | Found a broken altar of Ashenzari.
  8414 | D:9      | Noticed a two-headed ogre
  8423 | D:9      | Killed a two-headed ogre
  8424 | D:9      | Reached skill level 10 in Fighting
  8424 | D:9      | Reached skill level 16 in Axes
  8584 | D:9      | Found a basalt altar of Yredelemnul.
  8676 | D:9      | Reached skill level 17 in Axes
  8701 | D:9      | Reached skill level 10 in Armour
  8879 | D:9      | Noticed Maggie
  8890 | D:9      | Killed Maggie
  8967 | D:9      | Found Zauq's Serpentskin Sales.
  8971 | D:9      | Bought a scroll of poison for 44 gold pieces
  9048 | D:10     | Entered Level 10 of the Dungeon
  9067 | D:10     | Found a staircase to the Lair.
  9223 | D:10     | Found an ancient bone altar of Kikubaaqudgha.
  9304 | D:10     | Noticed a two-headed ogre
  9348 | D:10     | Killed a two-headed ogre
  9816 | D:10     | Reached skill level 18 in Axes
  9816 | D:10     | Reached XP level 11. HP: 98/101 MP: 8/10
  9968 | D:10     | Found a glowing golden altar of the Shining One.
  9976 | D:10     | Found a hide-covered altar of Uskayaw.
 10432 | D:10     | Found a staircase to the Orcish Mines.
 10841 | D:11     | Received a gift from Trog
 10922 | D:11     | Reached skill level 19 in Axes
 11033 | D:11     | Noticed Urug
 11039 | D:11     | Killed Urug
 11229 | D:11     | Noticed Lodul
 11235 | D:11     | Killed Lodul
 11436 | D:11     | Found a snail-covered altar of Cheibriados.
 11436 | D:11     | Found Cheibriados's Comfort Zone.
 11723 | D:11     | Noticed a two-headed ogre
 11727 | D:11     | Killed a two-headed ogre
 12328 | D:12     | Found Gisicem's Weapon Emporium.
 12340 | D:12     | Noticed a brown ugly thing
 12344 | D:12     | Killed a brown ugly thing
 12443 | D:12     | Reached XP level 12. HP: 113/113 MP: 8/11
 12560 | D:12     | Reached skill level 20 in Axes
 12623 | D:12     | Noticed a boulder beetle
 12638 | D:12     | Killed a boulder beetle
 13019 | D:13     | Noticed wormed's ghost (journeyman SpHu)
 13096 | D:13     | Noticed a centaur warrior
 13097 | D:13     | Noticed a catoblepas
 13113 | D:13     | Killed a centaur warrior
 13115 | D:13     | Killed a catoblepas
 13356 | D:13     | Found a large runed translucent door.
 13356 | D:13     | Found a large runed translucent door.
 13375 | D:13     | Noticed a two-headed ogre
 13379 | Abyss:2  | Cast into level 2 of the Abyss (a wizard)
 13387 | Abyss:2  | Noticed a cacodemon
 13393 | Abyss:3  | Found a corrupted altar of Lugonu.
 13412 | Abyss:3  | Found a sacrificial altar of Ru.
 13450 | Abyss:3  | Noticed a bone dragon
 13466 | Abyss:3  | Killed a bone dragon
 13497 | Abyss:3  | Killed a cacodemon
 13498 | Abyss:3  | Reached skill level 21 in Axes
 13526 | Abyss:3  | Found a corrupted altar of Lugonu.
 13551 | Abyss:3  | Noticed a cacodemon
 13619 | Abyss:3  | Noticed a starcursed mass
 13634 | Abyss:3  | Noticed a tentacled starspawn
 13742 | D:13     | Escaped the Abyss
 13745 | D:13     | Killed a two-headed ogre
 13746 | D:13     | Reached XP level 13. HP: 34/123 MP: 5/12
 14098 | D:13     | Paralysed by an air elemental for 1 turns
 14101 | D:13     | Paralysed by an air elemental for 1 turns
 14364 | D:13     | Identified the +4 whip of Jeset {venom, Stlth+}
 14451 | D:13     | Found a transporter.
 14470 | D:13     | Found a transporter.
 14742 | D:13     | Killed wormed's ghost
 14840 | D:13     | Identified the +3 dagger of Sharkskin {drain, Drain rF+
                  | Str+4 Dex+3}
 14990 | D:14     | Reached skill level 22 in Axes
 15101 | D:14     | Found an ancient bone altar of Kikubaaqudgha.
 15544 | D:14     | Found a gate to the Vaults.
 16225 | D:15     | Entered Level 15 of the Dungeon
 16231 | D:15     | Found a runed translucent door.
 16253 | D:15     | Found a runed translucent door.
 16266 | D:15     | Found a gate leading to a gauntlet.
 16275 | Gauntlet | Entered a Gauntlet
 16275 | Gauntlet | Found a large runed translucent door.
 16275 | Gauntlet | Found a large runed translucent door.
 16275 | Gauntlet | Found a large runed translucent door.
 16275 | Gauntlet | Found a large runed translucent door.
 16275 | Gauntlet | Found a large runed translucent door.
 16275 | Gauntlet | Found a large runed translucent door.
 16275 | Gauntlet | Found a large runed translucent door.
 16275 | Gauntlet | Found a large runed translucent door.
 16275 | Gauntlet | Found a runed translucent door.
 16275 | Gauntlet | Found a runed translucent gate.
 16275 | Gauntlet | Found a transporter.
 16275 | Gauntlet | Found a transporter.
 16275 | Gauntlet | Found a runed translucent gate.
 16275 | Gauntlet | Found a transporter.
 16275 | Gauntlet | Found a transporter.
 16284 | Gauntlet | Found a runed translucent door.
 16284 | Gauntlet | Found a runed translucent gate.
 16287 | Gauntlet | Found a transporter.
 16293 | Gauntlet | Found a large runed translucent door.
 16293 | Gauntlet | Found a large runed translucent door.
 16296 | Gauntlet | Found a large runed translucent door.
 16297 | Gauntlet | Found a large runed translucent door.
 16305 | Gauntlet | Found a transporter.
 16307 | Gauntlet | Found a transporter.
 16312 | Gauntlet | Noticed a balrug
 16323 | Gauntlet | Found a transporter.
 16376 | Gauntlet | Found a large runed translucent door.
 16376 | Gauntlet | Found a large runed translucent door.
 16377 | Gauntlet | Found a large runed translucent door.
 16378 | Gauntlet | Found a large runed translucent door.
 16421 | Gauntlet | Found a transporter.
 16441 | Gauntlet | Found a transporter.
 16443 | Gauntlet | Found a transporter.
 16457 | Gauntlet | Found a transporter.
 16539 | Gauntlet | Reached skill level 15 in Fighting
 16586 | Gauntlet | Reached skill level 23 in Axes
 16590 | Gauntlet | Identified the ring of the Lotus Blossom {rC++ MP+9 Str+4
                  | Dex-5}
 16700 | Gauntlet | Identified the +8 short sword of Aret {drain, *Rage rN+
                  | Int+4}
 16700 | Gauntlet | Noticed a minotaur
 16714 | Gauntlet | Killed a minotaur
 16715 | Gauntlet | Reached XP level 14. HP: 79/121 MP: 8/13
 16949 | Gauntlet | Identified the +6 battleaxe of Jeem {freeze, Dex+2}
 17205 | D:15     | Found a runed translucent door.
 17314 | D:15     | Found a runed translucent door.
 17627 | D:15     | Found a staircase to the Depths.
 17627 | D:15     | Noticed a stone giant
 17640 | D:15     | Killed a stone giant
 17641 | D:15     | Reached skill level 15 in Armour
 18837 | Lair:1   | Entered Level 1 of the Lair of Beasts
 19886 | Lair:2   | Found a hole to the Spider Nest.
 19901 | Lair:2   | Identified the +2 executioner's axe of Honesty {vorpal,
                  | +Blink rF- rN+ Str+4} (Trog gifted it to you on level 2 of
                  | the Lair of Beasts)
 19901 | Lair:2   | Received a gift from Trog
 20757 | Lair:2   | Reached skill level 24 in Axes
 21316 | Lair:3   | Found a staircase to the Swamp.
 21662 | Lair:3   | Acquired the +2 hat of Rekegoin {rC++ Int+2 Dex-5}
 22300 | Lair:4   | Identified the +4 plate armour of Qicwoirgh {Contam rElec
                  | rN++ Int+3}
 22426 | Lair:4   | You fall into a shaft and drop 1 floor!
 22426 | Lair:5   | Entered Level 5 of the Lair of Beasts
 22734 | Lair:5   | Reached XP level 15. HP: 143/143 MP: 14/14
 22750 | Lair:5   | Identified the +3 battleaxe "Ninisch" {elec, rPois}
 22928 | Lair:5   | Received a gift from Trog
 23820 | Lair:5   | Found a runed translucent door.
 23820 | Lair:5   | Found a viscous altar of Jiyva.
 23829 | Lair:5   | Found a staircase to the Slime Pits.
 24174 | Lair:5   | Reached skill level 25 in Axes
 25788 | Orc:1    | Entered Level 1 of the Orcish Mines
 25870 | Orc:1    | Reached ****** piety under Trog
 25873 | Orc:1    | Received a gift from Trog
 26192 | Orc:1    | Found Ibaichipa's Jewellery Boutique.
 26201 | Orc:1    | Bought a +4 ring of slaying for 936 gold pieces
 26215 | Orc:1    | Found Cannuply's Book Emporium.
 26240 | Orc:1    | Found Aklu Sia's Jewellery Shop.
 26478 | Orc:1    | Found Leleyten's Antique Weapon Emporium.
 26528 | Orc:1    | Found Afroka Ziogg's Book Shop.
 26626 | Orc:2    | Entered Level 2 of the Orcish Mines
 26647 | Orc:2    | Found a frozen archway.
 26662 | Orc:2    | Noticed Maurice
 26681 | Orc:2    | Killed Maurice
 26699 | IceCv    | Entered an ice cave
 27038 | IceCv    | Received a gift from Trog
 27061 | IceCv    | Noticed a frost giant
 27070 | IceCv    | Killed a frost giant
 27308 | IceCv    | Identified the +5 pair of gloves of Morality {*Corrode
                  | Int+9 Dex+6}
 27596 | Orc:2    | Found Jaomib's Distillery.
 27596 | Orc:2    | Found Kafraipe's Assorted Antiques.
 27884 | Orc:2    | Bought a potion of heal wounds for 195 gold pieces
 27897 | Orc:2    | Bought a potion of might for 52 gold pieces
 28044 | Orc:2    | Found Baisunim's Distillery.
 28044 | Orc:2    | Found Veumiost's Weapon Shoppe.
 28056 | Orc:2    | Reached skill level 26 in Axes
 28056 | Orc:2    | Reached XP level 16. HP: 78/157 MP: 8/15
 28323 | Orc:2    | Bought a potion of heal wounds for 80 gold pieces
 28452 | Orc:2    | Found a staircase to the Elven Halls.
 28552 | Orc:2    | Found a transporter.
 28554 | Orc:2    | Found a transporter.
 28625 | Orc:2    | Found a bloodstained altar of Trog.
 28625 | Orc:2    | Noticed zeram's ghost (journeyman HOFi)
 28911 | Orc:2    | Killed zeram's ghost
 28923 | Orc:2    | Identified the +8 spear of the Bursting Coward {holy, rPois
                  | SInv}
 29283 | Swamp:1  | Entered Level 1 of the Swamp
 29490 | Swamp:1  | Received a gift from Trog
 29681 | Swamp:1  | Found a transporter.
 29693 | Swamp:1  | Noticed croobank's ghost (adept DsCj)
 29697 | Swamp:1  | Found a transporter.
 29708 | Swamp:1  | HP: 6/235 [acid (7)]
 29708 | Swamp:1  | HP: 1/235 [croobank's ghost/magic dart (5)]
 29709 | Swamp:1  | Slain by a goliath frog

Illustrated notes

Levels and vault maps discovered:
D:1:      minmay_arrival_open_corners, layout_basic,
          shapermc_ecumenical_altar_venn, st_stairs_11, nicolae_shop_vocational
D:2:      layout_rooms, uniq_natasha
D:3:      layout_loops_corners
D:4:      layout_basic, lemuel_tele_altar, dreamdust_princess_bridge,
          minmay_rat_hole, uniq_eustachio, uniq_grinder
D:5:      layout_basic, mainiacjoe_overflow_alcove_1, mainiacjoe_overflow_paths,
          temple_fountains, uniq_edmund, uniq_blork_the_orc
D:6:      layout_rooms, lemuel_doored_altar, serial_shops, kennysheep_little_box
D:7:      layout_rooms, uniq_duvessa
D:8:      layout_gridville, lemuel_crystal_altar, minmay_misc_feat_more_columns,
          dreamdust_princess_corridor
D:9:      layout_rooms, mainiacjoe_overflow_small_starburst,
          lemuel_mausoleum_altar_yredelemnul, nicolae_qazlal_scattered_showers,
          guppyfry_shop_venom, uniq_maggie
D:10:     layout_stronghold, marbit_many_paths, amethyst_overflow_temple_binary,
          dpeg_oklobed_lair, david_orc_4
D:11:     layout_loops_ring, minmay_shop_chei, st_stairs_5, uniq_urug,
          uniq_lodul
D:12:     layout_roguey, serial_ice, serial_ice_e, serial_ice_c, serial_ice_g,
          serial_ice_i, serial_shops, nicolae_shop_bloodbath_and_beyond,
          chequers_avenue, amcnicky_mini_corridor_feature, minmay_fountain_box,
          minivault_22
D:13:     layout_cave_pools, gammafunk_ghost_hive, lightli_elemental_guards
D:14:     layout_gridville, lightli_vaults_fourway_checkpoint,
          kiku_gazebo_garden_becter
D:15:     grunt_enter_depths_giant_problem, layout_loops_ring,
          gauntlet_entry_generic, minmay_statue_crystal_thing
Lair:1:   layout_cave_pods, lemuel_fruit_fields, serial_bayou_shore_a
Lair:2:   layout_cave_pods, nicolae_spider_entry_non_spiders,
          lemuel_fruit_fields
Lair:3:   layout_gridlike, minmay_swamp_entry_reptiles,
          chequers_serial_rivers_micro_a, dreamdust_gnoll_shepherd,
          serial_bayou_shore_b, grunt_megastairs_4
Lair:4:   layout_loops_ring, roderic_batcave, ldierk_geyser
Lair:5:   due_jungle_book, layout_layer_cave, slime_entry_2
Swamp:1:  layout_falls_marsh, gammafunk_ghost_berserking_beasts,
          evilmike_swamp_ruin_rubble_1, swamp_pool1
Orc:1:    layout_caves, serial_shops, nicolae_shop_crystal, shop, shop, shop,
          nicolae_shop_overgrown_old_shop
Orc:2:    st_orc_town, layout_diamond_mine, gammafunk_ghost_wrathful_warriors,
          portal_ice_cave_entry_imps, uniq_maurice

Skill      XL: |  1  2  3  4  5  6  7  8  9 10 11 12 13 14 15 |
---------------+----------------------------------------------+-----
Axes           | 4 5 6 7 8 11 15 18 19 21 23 24 26 | 26.3
Fighting       | 4 5 6 8 9 10 12 13 15 16 17 | 17.9
Armour         | 3 4 5 7 9 10 12 13 14 16 17 | 17.7
Dodging        | |  2.1

Action                   |  1- 3 |  4- 6 |  7- 9 | 10-12 | 13-15 | 16-18 || total
-------------------------+-------+-------+-------+-------+-------+-------++-------
Melee: Hand axe          |    74 |    46 |       |       |       |       ||   120
       Headbutt          |     6 |    12 |    63 |   113 |   183 |    20 ||   397
       Dagger            |       |    65 |   302 |   248 |       |       ||   615
       Punch             |       |       |     1 |     4 |       |       ||     5
       Battleaxe         |       |       |       |   203 |   754 |       ||   957
       Executioner's axe |       |       |       |       |   168 |    67 ||   235
Invok: Berserk           |       |     2 |     4 |    12 |    12 |     2 ||    32
  Use: Scroll            |       |     1 |     4 |    20 |     8 |       ||    33
       Potion            |       |       |     1 |       |       |       ||     1
Armor: Animal skin       |     7 |     7 |       |       |       |       ||    14
       Plate armour      |       |    26 |   275 |   306 |   527 |    34 ||  1168
Dodge: Dodged            |    47 |    42 |   146 |   217 |   485 |    44 ||   981
